AoeStats
← DippityDang

Nomad

508115169Analyzed
4v4 RM · 12d ago on Sep 20, 2026· 50m 31s· 8 players
Game mode
Random Map
Map size
231×231
Population
200
Speed
Normal
Resources
Standard
Victory
Conquest
Starting age
Dark Age
Ending age
Imperial Age
RankedLock teamsTeams togetherTeam positionsShared explorationLock speedFull tech treeHidden civsTurbo modeCheats
Victory
Defeat
🇲🇽 Bulgarians · Mexico
1691
+14
🇲🇽 Tupi · Mexico
1608
+18
🇦🇷 Franks · Argentina
1595
+18
🇲🇽 Bohemians · Mexico
1571
+20
🇨🇴 Britons · Colombia
1686
-19
🇨🇱 Bengalis · Chile
1684
-19
🇨🇴 Vikings · Colombia
1628
-17
🇺🇸 Koreans · United States
1589
-15
DippityDang
13:04 Feudal Age
16:43 Castle Age
15:23 Double-Bit Axe
17:08 Loom
17:36 Bow Saw
18:26 Horse Collar
19:25 Fletching
22:09 Bodkin Arrow
23:11 Gold Mining
24:52 Ballistics
29:17 Husbandry
36:35 Imperial Age
36:05 Stone Mining
37:29 Wheelbarrow
36:32 Elite Skirmisher
37:18 Thumb Ring
38:12 Bracer
39:55 Siege Engineers
42:10 Conscription
43:49 Chemistry
44:30 Masonry
The .Gocho
4:41 Loom
12:00 Feudal Age
13:22 Town Watch
16:43 Fletching
25:41 Castle Age
23:56 Double-Bit Axe
35:39 Bodkin Arrow
36:16 Gold Mining
36:17 Stone Mining
40:12 Imperial Age
38:05 Ballistics
38:59 Scale Mail Armor
41:58 Chemistry
42:33 Bracer
42:33 Padded Archer Armor
44:01 Conscription
43:05 Elite Berserk
43:11 Elite Skirmisher
44:36 Chain Mail Armor
44:31 Forging
47:26 Chieftains
49:13 Plate Mail Armor
49:18 Iron Casting
Plox
3:02 Loom
14:48 Feudal Age
16:13 Town Watch
18:53 Castle Age
17:18 Double-Bit Axe
17:35 Fletching
19:35 Bodkin Arrow
20:07 Bow Saw
19:41 Fishing Lines
20:40 Gillnets
21:35 Padded Archer Armor
23:37 Wheelbarrow
25:34 Ballistics
26:24 Leather Archer Armor
27:09 Horse Collar
30:32 Treadmill Crane
34:21 Imperial Age
32:44 Scale Mail Armor
32:54 Forging
32:41 Pikeman
33:44 Squires
34:54 Masonry
35:47 Hoardings
35:32 Halberdier
37:46 Bracer
38:28 Warwolf
43:23 Heavy Plow
45:25 Chain Mail Armor
45:40 Ring Archer Armor
46:19 Conscription
46:37 Iron Casting
Ustak
14:08 Feudal Age
15:15 Fishing Lines
17:40 Castle Age
16:05 Double-Bit Axe
16:01 Horse Collar
16:13 Gold Mining
16:40 Stone Mining
18:54 Bow Saw
19:17 Padded Archer Armor
20:01 Fletching
21:01 Wheelbarrow
20:39 Bodkin Arrow
20:45 Loom
21:56 Scale Mail Armor
22:27 Ballistics
22:31 Heavy Plow
23:48 Bloodlines
23:39 Husbandry
29:34 Imperial Age
27:59 Chain Mail Armor
27:54 Forging
30:54 Bracer
31:55 Chemistry
37:27 Onager
38:38 Light Cavalry
40:28 Scale Barding Armor
47:16 Chain Barding Armor
VX | Anubis
5:04 Loom
13:01 Feudal Age
17:03 Castle Age
15:14 Double-Bit Axe
15:37 Fletching
17:54 Bodkin Arrow
18:25 Bow Saw
22:46 Padded Archer Armor
32:18 Leather Archer Armor
38:10 Imperial Age
42:22 Bracer
46:39 Ballistics
[KOF] santander
4:21 Loom
13:48 Feudal Age
17:51 Castle Age
16:32 Double-Bit Axe
16:57 Fishing Lines
18:56 Bow Saw
19:38 Gillnets
21:04 Fervor
24:28 Wheelbarrow
23:38 Town Watch
29:14 Imperial Age
27:58 Wagenburg Tactics
28:26 Fletching
30:35 Conscription
30:33 Bodkin Arrow
32:53 Masonry
36:24 Bracer
37:30 Chemistry
38:50 Hand Cart
39:29 Architecture
40:51 Ballistics
42:23 Siege Engineers
44:51 Houfnice
48:34 Elite Hussite Wagon
[KOF] JoakoM
14:03 Feudal Age
15:40 Loom
17:05 Wheelbarrow
20:17 Castle Age
19:26 Scale Barding Armor
22:00 Gold Mining
21:56 Double-Bit Axe
23:32 Bow Saw
36:26 Hand Cart
37:21 Chain Barding Armor
39:57 Imperial Age
37:28 Husbandry
37:47 Fishing Lines
38:32 Chain Barding Armor
38:59 Gold Shaft Mining
38:15 Stone Mining
39:23 Forging
40:28 Iron Casting
40:07 Cavalier
41:27 Plate Barding Armor
44:45 Capped Ram
45:31 Elite Skirmisher
46:03 Fletching
46:13 Padded Archer Armor
49:04 Bodkin Arrow
49:25 Leather Archer Armor
UXKEKO
4:24 Loom
12:51 Feudal Age
13:21 Double-Bit Axe
14:52 Fletching
15:44 Forging
22:44 Wheelbarrow
22:09 Town Watch
25:18 Castle Age
24:20 Fishing Lines
26:46 Bow Saw
27:54 Murder Holes
32:42 Imperial Age
30:45 Stone Mining
30:46 Gold Mining
31:51 Hand Cart
32:27 Gillnets
33:05 Horse Collar
34:39 Chemistry
33:57 Heavy Plow
34:45 Gold Shaft Mining
34:30 Bodkin Arrow
37:05 Masonry
37:25 Siege Engineers
37:26 Scale Barding Armor
37:57 Iron Casting
37:55 Bracer
38:54 Conscription
38:32 Stirrups
39:27 Husbandry
39:38 Bloodlines
38:50 Light Cavalry
40:10 Chain Barding Armor
40:51 Blast Furnace
41:34 Plate Barding Armor
40:26 Cavalier
42:38 Stone Shaft Mining
43:44 Ballistics
43:25 Padded Archer Armor
43:22 Elite Skirmisher
44:15 Thumb Ring
44:44 Leather Archer Armor
47:31 Hussar
48:35 Heavy Cavalry Archer
49:41 Parthian Tactics
Connection lost

Rejoining the realm…

Still unreachable

The connection could not be restored.

Session expired

The server has moved on; the page needs a fresh start.